 Dungeon Crawl Stone Soup version 0.31.0-11-ge490571c62 (webtiles) character file.

Game seed: 9167117082980521819

59 qw the Shooter (level 3, 0/20 HPs)
             Began as a Deep Elf Hunter on Feb 4, 2024.
             Slain by a gnoll
             ... wielding a +0 club
              (5 damage)
             ... on level 2 of the Dungeon.
             The game lasted 00:00:03 (915 turns).

qw the Shooter (Deep Elf Hunter)                     Turns: 915, Time: 00:00:04

Health: 0/20       AC:  6    Str: 10    XL:     3   Next: 78%
Magic:  0/5        EV: 11    Int: 13    God:
Gold:   69         SH:  0    Dex: 18    Spells: 2/2 levels left

rFire   . . .        a - +0 shortbow
rCold   . . .        (shield currently unavailable)
rNeg    . . .        h - +0 ring mail
rPois   .            (no helmet)
rElec   .            (no cloak)
rCorr   .            (no gloves)
SInv    .            j - +0 pair of boots
Will    .....        g - amulet of guardian spirit
Stlth   +            (no ring)
HPRegen 0.23/turn    (no ring)
MPRegen 0.09/turn

%: guardian spirit
@: no status effects
A: no striking features
a: no special abilities


You were on level 2 of the Dungeon.
You visited 1 branch of the dungeon, and saw 2 of its levels.

You collected 69 gold pieces.


   Skills:
 - Level 1.5 Fighting
 + Level 7.3 Ranged Weapons
 - Level 2.4 Dodging
 - Level 1.2 Stealth


You had 2 spell levels left.
You didn't know any spells.
Your spell library was empty.

Inventory:

Hand Weapons
 a - a +0 shortbow (weapon)
Armour
 h - a +0 ring mail (worn)
 j - a +0 pair of boots (worn)
Jewellery
 g - an amulet of guardian spirit (around neck)
Scrolls
 b - 2 scrolls of identify
Potions
 i - a potion of curing
 l - a potion of lignification {unknown}

Dungeon Overview and Level Annotations

Branches:
Dungeon (2/15)

Altars:


Message History

901 ||| FLEEEEING.
902 ||| FLEEEEING.
Found 8 gold pieces.
903 ||| FLEEEEING.
You shoot an arrow. The arrow hits the gnoll.
The gnoll is moderately wounded.
The gnoll barely misses you.
You shoot an arrow. The arrow hits the gnoll!
The gnoll is severely wounded.
The gnoll misses you. The gnoll hits you with a +0 club.
You shoot an arrow. The arrow hits the gnoll.
The gnoll is almost dead.
The gnoll barely misses you. The gnoll hits you with a +0 club.
You shoot an arrow. The arrow hits the gnoll.
You kill the gnoll!
The gnoll hits you but does no damage.
You shoot an arrow. The arrow barely misses the gnoll.
The gnoll closely misses you.
You shoot an arrow. The arrow hits the gnoll.
The gnoll is moderately wounded.
The gnoll hits you with a +0 club.
You shoot an arrow. The arrow barely misses the gnoll.
The gnoll hits you with a +0 club. x2
You shoot an arrow. The arrow barely misses the gnoll.
A kobold comes into view. It is wielding a +0 whip.
The gnoll misses you.
You shoot an arrow. The kobold shouts!
The arrow hits the gnoll.
The gnoll is moderately wounded.
The gnoll closely misses you.
A gnoll comes into view. It is wielding a +0 spear.
You shoot an arrow. The arrow hits the gnoll.
The gnoll is moderately wounded.
The gnoll barely misses you.
You shoot an arrow. The arrow closely misses the gnoll.
The gnoll hits you but does no damage.
You shoot an arrow. The arrow hits the gnoll.
The gnoll is severely wounded.
The gnoll hits you but does no damage. The gnoll hits you with a +0 club!
You die...

.$# ....# ....#
#.#.# . #.#.# ..
#.#.# ... #.#.#
...[ #.#.## .....
#<@)K###.?....
#######.g...(%...#
........####g###.#
.######.### ...
#......# .....
#......# ......g
#......# $......
#......# .......
#......# .......


You could see 2 gnolls and a kobold.

Vanquished Creatures
  2 gnolls (D:2)
  A dart slug (D:1)
  5 ball pythons (D:1)
  3 bats
  An endoplasm (D:1)
  4 hobgoblins
  2 jackals (D:1)
  2 quokkas (D:1)
  4 goblins (D:1)
  5 kobolds (D:1)
  4 rats (D:1)
33 creatures vanquished.

Notes
Turn   | Place    | Note
-------+----------+-------------------------------------------
     0 | D:1      | qw the Deep Elf Hunter began the quest for the Orb.
     0 | D:1      | Reached XP level 1. HP: 12/12 MP: 3/3
     0 | D:1      | 0 ||| qw: Version: 0.3-a-160-g6735b56
     0 | D:1      | 0 ||| qw: Game counter: 5127
     0 | D:1      | 0 ||| qw: Melee chars always use a shield: true
     0 | D:1      | 0 ||| qw: God list: Okawaru
     0 | D:1      | 0 ||| qw: Allow faded altars: false
     0 | D:1      | 0 ||| qw: Do Orc after clearing Dungeon:15 true
     0 | D:1      | 0 ||| qw: Do second Lair branch before Depths: true
     0 | D:1      | 0 ||| qw: Lair rune preference: random
     0 | D:1      | 0 ||| qw: Goals: Normal
     0 | D:1      | 0 ||| PLANNING D:1-11
    72 | D:1      | Reached XP level 2. HP: 16/16 MP: 4/4
    79 | D:1      | Reached skill level 6 in Ranged Weapons
   560 | D:1      | Reached XP level 3. HP: 20/20 MP: 5/5
   819 | D:1      | 819 ||| UPGRADING to +0 ring mail.
   829 | D:1      | 829 ||| DROPPING +0 leather armour.
   830 | D:1      | 830 ||| UPGRADING to +0 pair of boots.
   835 | D:1      | 835 ||| UPGRADING to amulet of guardian spirit.
   840 | D:1      | 840 ||| READING scroll labelled YBLENINISS.
   844 | D:1      | 844 ||| READING 2 scrolls labelled YSENYI GAAQU.
   844 | D:1      | 844 ||| IDENTIFYING blue potion
   845 | D:1      | 845 ||| READING scroll of identify.
   845 | D:1      | 845 ||| IDENTIFYING bubbling sapphire potion
   846 | D:1      | 846 ||| READING scroll labelled ALIEXI RUTHYA.
   847 | D:1      | 847 ||| DROPPING scroll of butterflies.
   848 | D:1      | 848 ||| DROPPING potion of berserk rage.
   895 | D:2      | 895 ||| RETREEEEATING.
   901 | D:2      | Reached skill level 7 in Ranged Weapons
   901 | D:2      | 901 ||| FLEEEEING.
   902 | D:2      | 902 ||| FLEEEEING.
   903 | D:2      | 903 ||| FLEEEEING.
   910 | D:2      | HP: 5/20 [gnoll/+0 club (1)]
   915 | D:2      | Slain by a gnoll

Levels and vault maps discovered:
D:1:      erik_arrival_cave_to_civilisation [erik_arrival_cave_to_hall],
          layout_basic, serial_aquarium, aquarium_bridge_square
          [aquarium_subvault_bridge, aquarium_subvault_wall,
          aquarium_subvault_bridge, aquarium_subvault_window],
          aquarium_window_2, aquarium_window_1, aquarium_window_1,
          aquarium_window_2, aquarium_view_2c, item_on_display_a
D:2:      layout_rooms

Skill      XL: |  1  2  3 |
---------------+----------+-----
Ranged Weapons | 6 7 |  7.3
Fighting       | |  1.5
Dodging        | |  2.4
Stealth        | |  1.2

Action                     || total
---------------------------++-------
   Fire: Shortbow          ||   108
    Use: Scroll            ||     4
 Armour: Leather armour    ||    12
         Ring mail         ||    12
  Dodge: Dodged            ||    21

Table legend:
 A = Non-vault XP
 B = Vault XP
 C = Vault XP percentage of total XP
 D = Non-vault monster count
 E = Vault monster count
 F = Vault count percentage of total count
                 A         B        C        D         E       F
            +---------+---------+-------+---------+---------+-------
      Total |      83 |       2 |   2.4 |      31 |       2 |   6.1
            +---------+---------+-------+---------+---------+-------
        D:1 |      50 |       2 |   3.8 |      27 |       2 |   6.9
        D:2 |      33 |       0 |   0.0 |       4 |       0 |   0.0
            +---------+---------+-------+---------+---------+-------
